 Dungeon Crawl Stone Soup version 0.28-a0-43-g560ac104fe (webtiles) character file.

Game seed: 5689122538725008208

1823 robertstho the Ruffian (level 8, -1/120 HPs)
             Began as a Troll Berserker on July 28, 2021.
             Was an Elder of Trog.
             Killed from afar by an electric eel (10 damage)
             ... with a bolt of electricity
             ... on level 6 of the Dungeon.
             The game lasted 00:06:46 (3476 turns).

robertstho the Ruffian (Troll Berserker)            Turns: 3476, Time: 00:06:46

Health: -1/120     AC:  5    Str: 27    XL:     8   Next: 85%
Magic:  7/7        EV: 10    Int:  4    God:    Trog [****..]
Gold:   275        SH:  0    Dex:  9    Spells: 7/7 levels left

rFire   . . .      SeeInvis .     - Unarmed
rCold   . . .      Faith    .   (no shield)
rNeg    + . .      Spirit   .   p - +1 robe {Will+}
rPois   .          Reflect  .   (helmet restricted)
rElec   .          Harm     .   q - scarf {shadows}
rCorr   .          Rampage  .   (gloves unavailable)
Will    +....                   (boots unavailable)
Stlth   ..........              (no amulet)
HPRegen 1.30/turn               l - ring of positive energy
MPRegen 0.10/turn               (no ring)

@: berserking, quick
A: large, unfitting armour, claws 3, regeneration 1, shaggy fur 1, tough skin 1
a: Renounce Religion, Berserk, Trog's Hand, Brothers in Arms


You were on level 6 of the Dungeon.
You worshipped Trog.
Trog was greatly pleased with you.
You visited 1 branch of the dungeon, and saw 6 of its levels.
You also visited: Sewer.

You collected 275 gold pieces.

Inventory:

Missiles
 s - 2 throwing nets (quivered)
Armour
 p - a +1 robe of willpower (worn)
 q - a scarf of shadows (worn)
Jewellery
 l - a ring of positive energy (left claw)
Wands
 e - a wand of iceblast (8)
 h - a wand of paralysis (7)
 u - a wand of acid (8)
Scrolls
 a - a scroll of noise {unknown}
 d - 2 scrolls of enchant weapon {unknown}
 i - a scroll of fog {unknown}
 k - 2 scrolls of blinking
 m - a scroll of fear
 n - a scroll of magic mapping
 o - a scroll of teleportation
 w - a scroll of torment {unknown}
Potions
 b - a potion of mutation {unknown}
 c - 5 potions of invisibility {unknown}
 f - a potion of magic
 g - a potion of brilliance {unknown}
 j - 3 potions of heal wounds {unknown}
 r - a potion of might
 t - a potion of lignification {unknown}
 v - a potion of curing {unknown}
 x - a potion of attraction {unknown}
 z - 2 potions of haste {unknown}


   Skills:
 * Level 5.1 Fighting
 * Level 3.6 Armour
 + Level 4.6 Dodging
 + Level 1.5 Stealth
 + Level 7.6 Unarmed Combat


You had 7 spell levels left.
You didn't know any spells.
Your spell library was empty.

Dungeon Overview and Level Annotations

Branches:
Dungeon (6/15)             Temple (0/1) D:4           Sewer (visited)

Altars:
Kikubaaqudgha
Nemelex Xobeh
Sif Muna
Vehumet
Wu Jian


Innate Abilities, Weirdness & Mutations

You are too large for most types of armour.
You have claws for hands.
Your natural rate of healing is unusually fast.
You are covered in fur. (AC +1)
You have tough skin. (AC +1)


Message History

Trog accepts your kill.
You hear a splash. x2
The electric eel shoots out a bolt of lightning at you!
The bolt of electricity hits you!
The electric eel shoots out a bolt of lightning at you!
The bolt of electricity hits you!
The electric eel shoots out a bolt of lightning at you!
The bolt of electricity misses you.
The kobold brigand throws a curare-tipped dart.
The curare-tipped dart closely misses you.
Things that are here:
a +0 short sword; 5 stones The electric eel shoots out a bolt of lightning at you!
The bolt of electricity hits you!
The electric eel shoots out a bolt of lightning at you!
The bolt of electricity hits you!
* * * LOW HITPOINT WARNING * * *
The kobold brigand throws a curare-tipped dart.
The curare-tipped dart closely misses you.
The electric eel shoots out a bolt of lightning at you!
The bolt of electricity hits you!
* * * LOW HITPOINT WARNING * * *
Found 2 large rocks.
You are too injured to fight recklessly!
You are too injured to fight recklessly!
A red film seems to cover your vision as you go berserk!
You feel yourself moving faster!
You feel mighty!
The electric eel shoots out a bolt of lightning at you!
The bolt of electricity hits you!
* * * LOW HITPOINT WARNING * * *
Unknown command.
You claw the electric eel!
You feel the power of Trog in you as your rage grows.
You kill the electric eel!
Trog accepts your kill.
You claw the electric eel!
The electric eel is heavily wounded.
The electric eel shoots out a bolt of lightning at you!
The bolt of electricity hits you!
You die...

...# ....
#.##.### ...#
.#.##.#..#####.
...#
≈.≈.≈≈≈≈≈≈.≈...
..##
≈≈≈≈≈≈.≈≈≈≈≈.≈≈
...#
≈≈♣♣♣≈≈≈♣♣♣≈≈≈♣
##....≈♣ ≈≈
♣≈≈≈♣ ≈≈≈♣
....#≈≈♣
≈≈≈♣♣♣≈≈≈♣♣♣≈.≈♣
##### ≈≈
≈.≈≈≈;≈)≈≈≈≈≈≈≈≈
≈≈KK.K@.≈≈≈≈..
≈≈≈≈≈≈≈≈≈≈≈≈≈.
..
≈≈≈♣♣♣≈≈≈♣♣♣≈.
.. ≈.≈ ♣≈.≈♣ ≈≈
## ♣≈≈≈♣ ≈≈.≈≈
(≈.≈.≈


You could see a kobold brigand, an electric eel and 2 kobolds.

Vanquished Creatures
  Duvessa (D:4)
  A black bear (D:6)
  A sky beast (D:3)
  A necrophage (D:6)
  An ogre (D:5)
  A phantom (D:3)
  3 kobold brigands
  Dowan (D:4)
  A water moccasin skeleton (D:5)
  2 electric eels (D:6)
  5 hounds
  2 jellies
  2 orc priests
  2 bullfrog skeletons
  Natasha (twice) (D:4)
  4 iguanas
  5 orc wizards
  A hound skeleton (D:5)
  3 gnolls (D:2)
  A howler monkey skeleton (D:5)
  12 adders
  2 shadow imps (D:6)
  A white imp (D:4)
  An ufetubus (D:5)
  A worm (D:3)
  4 dart slugs
  17 orcs
  7 ball pythons
  2 bats
  8 endoplasms
  A giant cockroach (D:2)
  3 goblins
  2 hobgoblins (D:1)
  17 kobolds
  4 quokkas
  2 frilled lizards (D:3)
  14 rats
138 creatures vanquished.

Notes
Turn   | Place    | Note
-------+----------+-------------------------------------------
     0 | D:1      | robertstho the Troll Berserker began the quest for the Orb.
     0 | D:1      | Reached XP level 1. HP: 22/22 MP: 0/0
   282 | D:1      | Reached XP level 2. HP: 28/29 MP: 1/1
   592 | D:2      | Reached XP level 3. HP: 36/36 MP: 2/2
   826 | D:2      | Reached skill level 1 in Armour
   826 | D:2      | Reached XP level 4. HP: 39/45 MP: 3/3
   871 | D:2      | Reached ** piety under Trog
  1101 | D:2      | Found an ornate altar of the Wu Jian Council.
  1404 | D:3      | Noticed a phantom
  1411 | D:3      | Reached skill level 4 in Unarmed Combat
  1411 | D:3      | Reached XP level 5. HP: 53/53 MP: 4/4
  1421 | D:3      | Found a glowing drain.
  1474 | D:3      | Noticed a sky beast
  1476 | D:3      | Killed a phantom
  1480 | D:3      | Killed a sky beast
  1481 | D:3      | Reached XP level 6. HP: 25/62 MP: 5/5
  1496 | Sewer    | Entered a sewer
  1587 | Sewer    | Reached skill level 5 in Unarmed Combat
  1760 | Sewer    | Reached XP level 7. HP: 65/70 MP: 6/6
  2100 | D:4      | Noticed Duvessa
  2101 | D:4      | Noticed Dowan
  2113 | D:4      | Killed Duvessa
  2133 | D:4      | Killed Dowan
  2133 | D:4      | Reached *** piety under Trog
  2151 | D:4      | Reached skill level 6 in Unarmed Combat
  2302 | D:4      | Reached skill level 1 in Stealth
  2358 | D:4      | Found a staircase to the Ecumenical Temple.
  2475 | D:4      | Noticed Natasha
  2483 | D:4      | Killed Natasha
  2553 | D:4      | Noticed Natasha
  2557 | D:4      | Killed Natasha
  2603 | D:5      | Entered Level 5 of the Dungeon
  2624 | D:5      | Reached XP level 8. HP: 54/79 MP: 7/7
  2964 | D:5      | Reached **** piety under Trog
  3220 | D:6      | Found a sparkling altar of Nemelex Xobeh.
  3278 | D:6      | Reached skill level 7 in Unarmed Combat
  3279 | D:6      | Reached skill level 5 in Fighting
  3363 | D:6      | Found an ancient bone altar of Kikubaaqudgha.
  3366 | D:6      | Found a shimmering blue altar of Sif Muna.
  3367 | D:6      | Found a radiant altar of Vehumet.
  3476 | D:6      | Killed from afar by an electric eel

Illustrated notes

Levels and vault maps discovered:
D:1:      dpeg_arrival_shrine, layout_rooms, minmay_misc_feat_hallway,
          st_stairs_8
D:2:      layout_loops_cross, basic_altar, minmay_tiny_reverse_x
D:3:      layout_basic, cheibrodos_sewer_entry_drain
D:4:      layout_rooms, minmay_temple_entry_mini_moons, uniq_natasha,
          uniq_duvessa
D:5:      layout_rooms
D:6:      layout_rooms, grunt_temple_overflow_magic_moments,
          mainiacjoe_overflow_boulevard, kennysheep_boxes

Skill      XL: |  1  2  3  4  5  6  7  8 |
---------------+-------------------------+-----
Fighting       | 3 4 5 |  5.1
Armour         | 1 2 3 |  3.6
Unarmed Combat | 4 5 6 7 |  7.6
Dodging        | 3 4 |  4.6
Stealth        | 1 |  1.5

Action                   |  1- 3 |  4- 6 |  7- 9 || total
-------------------------+-------+-------+-------++-------
Melee: Unarmed           |    56 |   140 |   206 ||   402
       Punch             |     1 |     1 |     8 ||    10
Invok: Berserk           |       |     2 |     5 ||     7
       Trog's Hand       |       |     2 |     1 ||     3
Evoke: Wand              |       |       |     1 ||     1
  Use: Potion            |       |     3 |       ||     3
       Scroll            |       |       |     4 ||     4
 Stab: Paralysed         |       |       |     2 ||     2
       Distracted        |       |       |     1 ||     1
       Sleeping          |       |       |     1 ||     1
Armor: Animal skin       |    16 |    40 |    21 ||    77
       Robe              |       |       |    46 ||    46
Dodge: Dodged            |    26 |    74 |   106 ||   206

Table legend: (Time is in decaauts)
 A = Elapsed time spent in this place.
 B = Non-inter-level travel time spent in this place.
 C = Inter-level travel time spent in this place.
 D = Time resting spent in this place.
 E = Time spent auto-exploring this place.
 F = Levels seen in this place.
 G = Mean time per level.
                   A        B        C        D        E       F      G
               +--------+--------+--------+--------+--------+-----+--------+
         Total |   3549 |   3452 |     97 |     36 |   2511 |   7 |  507.0 |
       Dungeon |   3177 |   3080 |     97 |     36 |   2319 |   6 |  529.5 |
         Sewer |    372 |    372 |      0 |      0 |    191 |   1 |  372.0 |
               +--------+--------+--------+--------+--------+-----+--------+

Top non-repeatable levels by time:
     D:2: 793 daAuts
     D:4: 543 daAuts
     D:5: 538 daAuts
     D:3: 495 daAuts
     D:1: 471 daAuts
   Sewer: 372 daAuts
     D:6: 335 daAuts
